AoeStats
← dashuaibi

Nomad

508832906Analyzed
4v4 RM · 8d ago on Sep 24, 2026· 21m 5s· 8 players
Game mode
Random Map
Map size
231×231
Population
200
Speed
Normal
Resources
Standard
Victory
Conquest
Starting age
Dark Age
Ending age
Imperial Age
RankedLock teamsTeams togetherTeam positionsShared explorationLock speedFull tech treeHidden civsTurbo modeCheats
Victory
Defeat
🇨🇳 Danes · China
1429
+14
🇩🇪 Italians · Germany
1427
+14
🇷🇺 Koreans · Russia
1356
+17
🇨🇳 Spanish · China
1336
+19
1394
-16
🇨🇳 Saxons · China
1382
-16
🇻🇳 Inca · Vietnam
1379
-16
🇯🇵 Britons · Japan
1378
-16
瓦兰吉程咬金三板斧
4:41 Loom
14:00 Feudal Age
18:13 Castle Age
16:30 Stone Mining
17:28 Double-Bit Axe
18:19 Bloodlines
sada-aki
9:01 Loom
12:46 Feudal Age
13:17 Double-Bit Axe
13:36 Horse Collar
18:00 Castle Age
16:39 Gold Mining
17:20 Fletching
17:31 Padded Archer Armor
18:01 Crossbowman
20:36 Bodkin Arrow
bina
13:28 Feudal Age
12:34 Loom
14:14 Double-Bit Axe
16:29 Horse Collar
16:43 Stone Mining
16:44 Gold Mining
16:36 Fishing Lines
19:13 Castle Age
17:17 Fletching
17:55 Horse Collar
执者如旗
10:21 Loom
12:29 Feudal Age
14:05 Wheelbarrow
PeterPan
12:12 Feudal Age
16:40 Castle Age
14:25 Loom
14:49 Fishing Lines
16:34 Loom
19:32 Fletching
dashuaibi
4:53 Loom
15:12 Feudal Age
18:57 Castle Age
17:05 Fishing Lines
17:38 Double-Bit Axe
17:46 Stone Mining
21:22 Gillnets
elite boar
3:43 Loom
13:52 Feudal Age
18:04 Castle Age
16:01 Double-Bit Axe
spirrulina
7:16 Loom
13:06 Feudal Age
Connection lost

Rejoining the realm…

Still unreachable

The connection could not be restored.

Session expired

The server has moved on; the page needs a fresh start.